AoeStats
← failbaddon

Nomad

510916009Analyzed
4v4 RM · 8h ago on Oct 3, 2026· 51m 23s· 8 players
Game mode
Random Map
Map size
231×231
Population
200
Speed
Normal
Resources
Standard
Victory
Conquest
Starting age
Dark Age
Ending age
Imperial Age
RankedLock teamsTeams togetherTeam positionsShared explorationLock speedFull tech treeHidden civsTurbo modeCheats
Victory
Defeat
🇺🇸 Vietnamese · United States
1125
+13
🇺🇸 Berbers · United States
1119
+14
🇺🇸 Vikings · United States
1098
+15
🇺🇸 Spanish · United States
1095
+14
🇦🇷 Bengalis · Argentina
1086
-15
🇦🇷 Dravidians · Argentina
1070
-14
🇲🇽 Vietnamese · Mexico
1067
-14
🇲🇽 Vikings · Mexico
1051
-13
Il-Diavolo-92
5:10 Loom
17:13 Feudal Age
17:36 Fishing Lines
17:46 Double-Bit Axe
31:48 Castle Age
34:00 Medium Warships
juan_i87
6:33 Loom
14:11 Feudal Age
17:01 Fishing Lines
21:18 Fletching
27:46 Stone Mining
31:17 Wheelbarrow
41:32 Castle Age
PuraTripa
10:51 Loom
13:44 Feudal Age
14:20 Double-Bit Axe
15:12 Horse Collar
15:20 Fishing Lines
19:26 Castle Age
19:30 Fletching
19:41 Padded Archer Armor
21:05 Gillnets
21:48 Bodkin Arrow
22:09 Leather Archer Armor
22:30 Bow Saw
25:50 Wheelbarrow
27:21 Ballistics
34:50 Imperial Age
35:37 Elite Elephant Archer
36:57 Guilds
37:21 Town Watch
38:13 Ring Archer Armor
38:55 Hand Cart
39:41 Two-Man Saw
46:47 Chemistry
45:49 Bracer
46:31 Medical Corps
47:37 Thumb Ring
KbronCaltzonzin
8:55 Loom
14:00 Feudal Age
18:58 Castle Age
16:49 Double-Bit Axe
19:38 Crossbowman
25:59 Thumb Ring
29:43 Padded Archer Armor
34:35 Horse Collar
34:54 Gold Mining
35:20 Bow Saw
36:13 Wheelbarrow
36:02 Fletching
36:30 Heavy Plow
38:54 Bodkin Arrow
42:38 Imperial Age
Leonidas
11:55 Loom
15:44 Feudal Age
21:00 Castle Age
21:36 Fletching
22:18 Padded Archer Armor
22:16 Bodkin Arrow
22:12 Double-Bit Axe
22:10 Horse Collar
23:59 Wheelbarrow
23:57 Leather Archer Armor
35:56 Imperial Age
34:33 Heavy Plow
34:48 Bow Saw
35:02 Stone Mining
34:40 Light Cavalry
35:40 Bloodlines
36:17 Scale Barding Armor
36:22 Forging
36:16 Cavalier
37:00 Husbandry
41:37 Conscription
42:41 Chain Barding Armor
42:57 Iron Casting
42:32 Town Watch
43:03 Hand Cart
42:44 Gold Mining
43:52 Paladin
45:20 Plate Barding Armor
47:32 Blast Furnace
47:51 Stone Shaft Mining
SupaHotFire
7:51 Loom
14:53 Feudal Age
15:04 Man-at-Arms
16:25 Double-Bit Axe
17:19 Town Watch
23:19 Castle Age
21:47 Stone Mining
23:56 Fishing Lines
25:45 Squires
25:49 Scale Mail Armor
27:15 Forging
27:22 Arson
27:34 Horse Collar
31:09 Chain Mail Armor
32:15 Iron Casting
32:07 Bow Saw
34:30 Heavy Plow
36:48 Gold Mining
43:03 Imperial Age
43:08 Elite Varangian Guard
44:25 Conscription
44:43 Plate Mail Armor
44:42 Chieftains
46:07 Blast Furnace
failbaddon
5:31 Loom
13:44 Feudal Age
14:17 Town Watch
14:27 Horse Collar
14:36 Double-Bit Axe
22:57 Castle Age
21:02 Scale Barding Armor
21:07 Bloodlines
22:57 Castle Age
21:54 Forging
21:38 Gold Mining
22:39 Bloodlines
23:07 Light Cavalry
24:27 Husbandry
25:02 Bow Saw
24:57 Heavy Plow
26:00 Chain Barding Armor
29:37 Wheelbarrow
30:16 Iron Casting
33:42 Gold Shaft Mining
34:03 Hand Cart
37:09 Fletching
40:46 Imperial Age
39:33 Bodkin Arrow
39:52 Masonry
40:03 Ballistics
40:20 Padded Archer Armor
40:49 Cavalier
42:33 Chemistry
42:10 Plate Barding Armor
42:36 Blast Furnace
41:36 Bracer
42:27 Conscription
42:25 Thumb Ring
42:22 Stone Mining
43:52 Leather Archer Armor
43:45 Siege Engineers
44:16 Kasbah
44:54 Hoardings
45:27 Crop Rotation
45:12 Hussar
46:00 Elite Camel Archer
46:46 Maghrebi Camels
47:54 Treadmill Crane
50:32 Murder Holes
52:31 Ring Archer Armor
ClydeTheLP
3:34 Loom
13:56 Feudal Age
16:05 Wheelbarrow
18:06 Fletching
18:19 Scale Mail Armor
18:22 Padded Archer Armor
21:39 Castle Age
20:32 Forging
19:56 Man-at-Arms
20:45 Stone Mining
23:08 Bodkin Arrow
24:29 Leather Archer Armor
28:48 Town Watch
30:09 Crossbowman
32:50 Leather Archer Armor
33:59 Chain Mail Armor
37:00 Hand Cart
43:10 Imperial Age
42:18 Thumb Ring
43:49 Horse Collar
45:15 Elite Skirmisher
46:30 Gold Mining
47:57 Heavy Plow
47:35 Imperial Skirmisher
48:24 Double-Bit Axe
49:14 Bow Saw
50:46 Ring Archer Armor
50:28 Bracer
50:59 Ring Archer Armor
Connection lost

Rejoining the realm…

Still unreachable

The connection could not be restored.

Session expired

The server has moved on; the page needs a fresh start.